 Dungeon Crawl Stone Soup version 0.19.4-8-ga85b6b9 (webtiles) character file.

203 JeffiDaFish the Stinger (level 5, 0/37 HPs)
             Began as a Demonspawn Venom Mage on Feb 4, 2017.
             Succumbed to a worker ant's poison
             ... on level 4 of the Dungeon on Feb 7, 2017.
             The game lasted 00:10:59 (3063 turns).

JeffiDaFish the Stinger (Demonspawn Venom Mage)     Turns: 3063, Time: 00:11:00

Health: 0/37       AC: 10    Str:  8    XL:     5   Next: 51%
Magic:  1/8        EV: 12    Int: 17    God:
Gold:   156        SH:  0    Dex: 14    Spells: 2 memorised, 5 levels left

rFire  . . .     SeeInvis .     a - +0 whip
rCold  . . .     Gourm    .     d - +0 leather armour
rNeg   . . .     Faith    .     (no shield)
rPois  .         Spirit   +     l - +2 helmet
rElec  .         Reflect  .     g - +1 cloak
rCorr  .         Harm     .     (no gloves)
MR     +....                    (no boots)
Stlth  +++.......               j - amulet of guardian spirit
                                n - ring of protection from magic
                                h - ring of flight

@: lethally poisoned (0 -> -11)
A: claws 1, icy blue scales 1, nightstalker 1
a: Evoke Flight


You were on level 4 of the Dungeon.
You were not hungry.

You visited 1 branch of the dungeon, and saw 4 of its levels.

You collected 156 gold pieces.

Inventory:

Hand Weapons
 a - a +0 whip (weapon)
Armour
 d - a +0 leather armour (worn)
 g - a +1 cloak (worn)
 l - a +2 helmet (worn)
Jewellery
 h - a ring of flight (left claw)
 j - an amulet of guardian spirit (around neck)
 n - a ring of protection from magic (right claw)
Scrolls
 e - 4 scrolls of amnesia
 k - 3 scrolls of teleportation
Potions
 o - a potion of agility
Books
 b - a Young Poisoner's Handbook

   Spells                             Type                      Level
   a - Sting                          Conjuration/Poison           1
   b - Mephitic Cloud                 Conjuration/Poison/Air       3
   c - Olgreb's Toxic Radiance        Poison                       4
   d - Alistair's Intoxication        Transmutation/Poison         5
   e - Venom Bolt                     Conjuration/Poison           5
 s - a book of Necromancy

   Spells                             Type                      Level
   a - Pain                           Necromancy                   1
   b - Animate Skeleton               Necromancy                   1
   c - Vampiric Draining              Necromancy                   3
   d - Regeneration                   Charms/Necromancy            3
   e - Animate Dead                   Necromancy                   4
   f - Control Undead                 Necromancy                   4
Comestibles
 c - 2 bread rations
 m - 2 fruits
 p - a meat ration
 q - a slice of pizza


   Skills:
 + Level 1.3 Fighting
 + Level 1.4 Maces & Flails
 - Level 0.5 Armour
 + Level 2.0 Dodging
 + Level 2.4 Stealth
 * Level 2.6 Spellcasting
 * Level 1.2 Conjurations
 + Level 0.8 Air Magic
 * Level 5.1 Poison Magic


You had 5 spell levels left.
You knew the following spells:

 Your Spells              Type           Power        Failure   Level  Hunger
a - Sting                 Conj/Pois      ##..         10%         1    #......
b - Mephitic Cloud        Conj/Pois/Air  ##......     30%         3    ###....


Dungeon Overview and Level Annotations

Branches:
Dungeon (4/15)
 Temple: D:4-7

Altars:
Nemelex Xobeh
Okawaru
Trog

Annotations:
D:4 ddubois's ghost, amateur OpMo


Innate Abilities, Weirdness & Mutations

You have sharp fingernails.
You are partially covered in icy blue scales. (AC +2)
You are slightly more attuned to the shadows.


Message History

Wield which item (- for none, * to show all)? (? for menu, Esc to quit)
Okay, then.
You feel magically purged.
Your magical contamination has completely faded away.
* * * LOW HITPOINT WARNING * * *
You feel sick. The worker ant barely misses you.
You closely miss the worker ant.
The worker ant is heavily wounded.
The worker ant bites you but does no damage.
The worker ant bites you.
* * * LOW HITPOINT WARNING * * *
You are more poisoned.
The worker ant poisons you!
Casting: Mephitic Cloud
Confirm with . or Enter, or press ? or * to list all spells.
You don't have enough magic to cast that spell.
Unknown command.
You hit the worker ant but do no damage.
The worker ant is heavily wounded.
You die...

.##.. ##. #.#
...... ## #.#
...... # #.# ......
## # #.# ..... ##.
##. #.# ... ##..
##...##.#####.##...
#...
.........@a.h......
+...
#.(.##.###.#.##...
#... ##.....# #.#!#
##.. #.....# #.#.#
##. #....## #.#..
## +# #.#.#####.###
# .# #.........# .#
###.#######
ยง######## #.#


You could see a hound (confused) and a worker ant.

Vanquished Creatures
  An ogre (D:4)
  A worker ant (D:4)
  A hound skeleton (D:4)
  2 adders
  A dart slug (D:2)
  A leopard gecko (D:2)
  An orc (D:3)
  13 bats
  7 giant cockroaches
  7 goblins
  2 hobgoblins (D:3)
  2 jackals (D:4)
  5 quokkas
  A ball python (D:3)
  4 frilled lizards
  5 kobolds
  5 rats
59 creatures vanquished.

Notes
Turn   | Place    | Note
-------+----------+-------------------------------------------
     0 | D:1      | JeffiDaFish the Demonspawn Venom Mage began the quest for the Orb.
     0 | D:1      | Reached XP level 1. HP: 13/13 MP: 3/3
   305 | D:1      | Gained mutation: You are partially covered in icy blue scales. (AC +2) [demonic ancestry]
   305 | D:1      | Reached XP level 2. HP: 17/20 MP: 0/5
  1241 | D:2      | Gained mutation: You are slightly more attuned to the shadows. [demonic ancestry]
  1241 | D:2      | Reached XP level 3. HP: 25/25 MP: 2/6
  1246 | D:2      | Learned a level 3 spell: Mephitic Cloud
  1987 | D:3      | Reached skill level 1 in Maces & Flails
  1988 | D:3      | Found an iron altar of Okawaru.
  2112 | D:3      | Gained mutation: You have sharp fingernails. [demonic ancestry]
  2112 | D:3      | Reached XP level 4. HP: 31/31 MP: 0/7
  2192 | D:3      | Upgraded the game from 0.19.4 to 0.19.4-8-ga85b6b9
  2799 | D:4      | Noticed an ogre
  2811 | D:4      | Killed an ogre
  2811 | D:4      | Reached skill level 1 in Fighting
  2811 | D:4      | Reached skill level 1 in Conjurations
  2811 | D:4      | Reached skill level 5 in Poison Magic
  2811 | D:4      | Reached XP level 5. HP: 37/37 MP: 1/8
  2831 | D:4      | Found a bloodstained altar of Trog.
  2831 | D:4      | Found a sparkling altar of Nemelex Xobeh.
  2858 | D:4      | Noticed ddubois's ghost (amateur OpMo)
  3062 | D:4      | HP: 1/37 [worker ant (3)]
  3063 | D:4      | Succumbed to a worker ant's poison

Skill      XL: |  1  2  3  4 |
---------------+-------------+-----
Maces & Flails | 1 |  1.4
Stealth        | 2 |  2.4
Dodging        | 2 |  2.0
Fighting       | 1 |  1.3
Conjurations   | 1 |  1.2
Poison Magic   | 5 |  5.1
Armour         | |  0.5
Spellcasting   | |  2.6
Air Magic      | |  0.8

Action                   |  1- 3 |  4- 6 || total
-------------------------+-------+-------++-------
Melee: Whip              |   101 |    86 ||   187
       Unarmed           |     7 |       ||     7
 Cast: Sting             |    45 |    14 ||    59
       Mephitic Cloud    |     3 |     4 ||     7
  Use: Scroll            |    10 |     3 ||    13
       Potion            |     3 |     1 ||     4
 Stab: Sleeping          |     3 |     1 ||     4
       Confused          |       |     2 ||     2
  Eat: Chunk             |     5 |     4 ||     9
Armor: Leather armour    |    59 |    50 ||   109
       Robe              |     5 |       ||     5
Dodge: Dodged            |    98 |    72 ||   170
